 Dungeon Crawl Stone Soup version 0.28.0-53-g5a82cb258f (webtiles) character file.

Game seed: 17089739289114734009

42 moldycheese5 the Skirmisher (level 3, 0/29 HPs)
             Began as a Demonspawn Abyssal Knight on June 17, 2022.
             Was a Believer of Lugonu.
             Slain by an adder (3 damage)
             ... on level 2 of the Dungeon.
             The game lasted 00:03:09 (1696 turns).

moldycheese5 the Skirmisher (DsAK)                  Turns: 1696, Time: 00:03:10

Health: 0/29       AC:  6    Str: 15    XL:     3   Next: 35%
Magic:  5/5        EV: 10    Int: 11    God:    Lugonu [**....]
Gold:   38         SH:  0    Dex: 13    Spells: 2/2 levels left

rFire   . . .      SeeInvis .   a - +1 falchion
rCold   . . .      Faith    .   (no shield)
rNeg    . . .      Spirit   .   c - +0 ring mail
rPois   .          Reflect  .   (no helmet)
rElec   .          Harm     .   (no cloak)
rCorr   .          Rampage  .   d - +0 pair of gloves
Will    .....                   (no boots)
Stlth   +.........              (no amulet)
HPRegen 0.09/turn               (no ring)
MPRegen 0.18/turn               (no ring)

@: lethally poisoned (0 -> -4)
A: magic regeneration
a: Renounce Religion, Depart the Abyss, Bend Space


You were on level 2 of the Dungeon.
You worshipped Lugonu.
Lugonu was pleased with you.
You visited 1 branch of the dungeon, and saw 2 of its levels.
You visited the Abyss 1 time.

You collected 62 gold pieces.
You spent 24 gold pieces at shops.

Inventory:

Hand Weapons
 a - a +1 falchion (weapon)
Armour
 b - a +0 leather armour
 c - a +0 ring mail (worn)
 d - a +0 pair of gloves (worn)
Jewellery
 f - a ring of positive energy
Scrolls
 e - 2 scrolls of identify


   Skills:
 + Level 3.5 Fighting
 + Level 2.3 Long Blades
 + Level 2.0 Armour
 + Level 1.1 Dodging
 + Level 0.1 Stealth
 + Level 3.0 Invocations


You had 2 spell levels left.
You didn't know any spells.
Your spell library was empty.

Dungeon Overview and Level Annotations

Branches:
Dungeon (2/15)

Altars:

Shops:
D:1 ?

Annotations:
D:2 Terence


Innate Abilities, Weirdness & Mutations

You regenerate magic rapidly.


Message History

Terence hits you with a +0 falchion.
You hit Terence but do no damage.
Terence is moderately wounded.
Terence barely misses you. Terence hits you but does no damage.
You hit Terence.
Terence is moderately wounded.
Terence hits you with a +0 falchion.
You hit Terence but do no damage.
Terence is moderately wounded.
Terence hits you but does no damage.
You barely miss Terence.
Terence is moderately wounded.
Terence hits you with a +0 falchion. Space bends around you!
You blink.
An adder comes into view.
The adder hisses angrily.
The adder bites you. The adder barely misses you.
Terence asks, "Do you want it fast or slow?"
The adder closely misses you. The adder bites you.
* * * LOW HITPOINT WARNING * * *
The adder bites you but does no damage. The adder bites you but does no damage.
The adder bites you but does no damage. The adder bites you but does no damage.
The adder bites you.
* * * LOW HITPOINT WARNING * * *
You barely miss the adder. The adder bites you but does no damage.
Terence barely misses you. The adder closely misses you.
You completely miss the adder. Terence hits you but does no damage.
The adder bites you.
* * * LOW HITPOINT WARNING * * *
You are lethally poisoned!
The adder poisons you!
You miss the adder.
* * * LOW HITPOINT WARNING * * *
You feel sick. The adder bites you but does no damage.
Terence barely misses you. The adder bites you.
You die...

..# . #. ## .# #. .##
#. . #. .## # #. ...
.# #.## ### ##
##.#####..#
#.###.###.###@#######
##
............S@#....#
#..##.###.###.##..#
#.# #.#...........#.##
#.# #...##.###.##...#
#.# ##.#.#.......#.#.#
#.# ###
#..#...##.##...#..#
#.#####8##8#
##.#.#.#...#.#.#.##
#.##.†...... #...#...
...#...####.##.##8##8#


You could see Terence and an adder.

Vanquished Creatures
  An adder (D:2)
  A worm (D:2)
  A dart slug (D:1)
  3 ball pythons (D:1)
  A bat (D:1)
  An endoplasm (D:1)
  2 giant cockroaches
  A goblin (D:1)
  3 hobgoblins
  A quokka (D:1)
  4 frilled lizards
  4 kobolds (D:1)
  5 rats
28 creatures vanquished.

Notes
Turn   | Place    | Note
-------+----------+-------------------------------------------
     0 | Abyss:1  | moldycheese5 the Demonspawn Abyssal Knight began the quest
                  | for the Orb.
     0 | Abyss:1  | Reached XP level 1. HP: 18/18 MP: 2/2
     5 | Abyss:1  | Found a corrupted altar of Lugonu.
    15 | D:1      | Escaped the Abyss
    19 | D:1      | Found Pupeikke's Magic Scroll Emporium.
   163 | D:1      | Gained mutation: You regenerate magic rapidly. [demonic
                  | ancestry]
   163 | D:1      | Reached XP level 2. HP: 24/24 MP: 4/4
   428 | D:1      | Reached skill level 1 in Dodging
   660 | D:1      | Reached ** piety under Lugonu
  1065 | D:1      | Bought a scroll of identify for 24 gold pieces
  1161 | D:1      | Found a faded altar of an unknown god.
  1384 | D:2      | Reached XP level 3. HP: 10/29 MP: 5/5
  1652 | D:2      | Noticed Terence
  1696 | D:2      | Slain by an adder

Illustrated notes

Levels and vault maps discovered:
D:1:      giann_bridges, layout_loops_ring,
          shapermc_ecumenical_altar_hornbeckon, serial_shops, nicolae_shop_trees
D:2:      layout_loops_ring, nicolae_concentric_dashed_squares_mild,
          minmay_door_square, dk_noncrumbling_2, minmay_misc_feat_cross,
          uniq_terence

Skill      XL: |  1  2  3 |
---------------+----------+-----
Long Blades    | 2 |  2.3
Invocations    | 3 |  3.0
Dodging        | 1 |  1.1
Armour         | 2 |  2.0
Fighting       | |  3.5
Stealth        | |  0.1

Action                   || total
-------------------------++-------
Melee: Falchion          ||    83
       Punch             ||     1
Invok: Bend Space        ||     1
Armor: Leather armour    ||     6
       Ring mail         ||    22
Dodge: Dodged            ||    44
